[Event "24th Bosnjaci Open 2019"]
[Site "Bosnjaci"]
[Date "2019.01.04"]
[Round "3.2"]
[White "Zaja, Ivan"]
[Black "Goric, Esad"]
[Result "1-0"]
[ECO "C13"]
[WhiteElo "2458"]
[BlackElo "2260"]
[Annotator "ChessBase"]
[PlyCount "69"]
[EventDate "2019.01.03"]
[EventType "swiss"]
[EventCountry "CRO"]
[SourceTitle "playchess.com"]
[Source "ChessBase"]
[SourceQuality "1"]
[TimeControl "5400+30"]

1. d4 Nf6 2. Bg5 e6 3. Nc3 d5 4. e4 dxe4 5. Nxe4 Be7 6. Bxf6 Bxf6 7. Nf3 Bd7 8. Bd3 Bc6 9. c3 Nd7 10. Qe2 Bxe4 11. Qxe4 c6 12. O-O Be7 13. Rad1 Nf6 14. Qe2 Qc7 15. Ne5 O-O 16. f4 g6 17. Bc4 c5 18. Rfe1 Kg7 19. d5 b5 20. Bxb5 Nxd5 21. Bc6 Rad8 22. Bxd5 exd5 23. Nxg6 hxg6 24. Qxe7 Qb6 25. Qe5+ f6 26. Qe2 Rf7 27. f5 gxf5 28. Qf2 d4 29. Rd3 dxc3 30. Rg3+ Kf8 31. Qf4 c4+ 32. Kh1 Rh7 33. Qxc4 Rg7 34. Rxg7 Kxg7 35. Re7+ 1-0

[Event "24th Bosnjaci Open 2019"]
[Site "Bosnjaci"]
[Date "2019.01.04"]
[Round "3.3"]
[White "Andrijevic, Milan"]
[Black "Fercec, Nenad"]
[Result "1/2-1/2"]
[ECO "B84"]
[WhiteElo "2244"]
[BlackElo "2451"]
[Annotator "ChessBase"]
[PlyCount "75"]
[EventDate "2019.01.03"]
[EventType "swiss"]
[EventCountry "CRO"]
[SourceTitle "playchess.com"]
[Source "ChessBase"]
[SourceQuality "1"]
[TimeControl "5400+30"]

1. e4 c5 2. Nf3 d6 3. d4 cxd4 4. Nxd4 Nf6 5. Nc3 a6 6. Be2 e6 7. O-O Qc7 8. f4 Nbd7 9. a4 b6 10. Bf3 Bb7 11. Kh1 Rb8 12. f5 e5 13. Nb3 Be7 14. Be3 Rc8 15. Qd3 O-O 16. g4 d5 17. exd5 e4 18. Nxe4 Nxd5 19. Bd4 Nb4 20. Qe2 Qxc2 21. Ned2 Bxf3+ 22. Rxf3 Bf6 23. Rc1 Qxc1+ 24. Nxc1 Rxc1+ 25. Bg1 h6 26. Rf1 Rc2 27. Qd1 Nc5 28. Bxc5 bxc5 29. Ne4 Bxb2 30. Qd6 Re8 31. Re1 Be5 32. Qd7 Rf8 33. Ng3 Bd4 34. Re8 Rxe8 35. Qxe8+ Kh7 36. Qxf7 Nd3 37. Qg6+ Kh8 38. Qe8+ 1/2-1/2

[Event "24th Bosnjaci Open 2019"]
[Site "Bosnjaci"]
[Date "2019.01.04"]
[Round "3.5"]
[White "Ljikar, Zoran"]
[Black "Rogulj, Branko"]
[Result "0-1"]
[ECO "B03"]
[WhiteElo "2207"]
[BlackElo "2413"]
[Annotator "NA"]
[PlyCount "84"]
[EventDate "2019.01.03"]
[EventType "swiss"]
[EventCountry "CRO"]
[SourceTitle "playchess.com"]
[Source "ChessBase"]
[SourceQuality "1"]
[TimeControl "5400+30"]

1. e4 Nf6 2. e5 Nd5 3. d4 d6 4. exd6 exd6 5. Nf3 Be7 6. Be2 O-O 7. O-O c5 8. c4 Nf6 9. h3 Bf5 10. Nc3 h6 11. Re1 Nc6 12. Bf4 d5 13. Bf1 Be6 14. Nb5 Rc8 15. dxc5 Bxc5 16. Nbd4 Nxd4 17. Nxd4 Qb6 18. Be3 dxc4 19. Nxe6 fxe6 20. Bxc5 Qxc5 21. Rxe6 b5 22. Qc2 Rc7 23. Rae1 Rcf7 24. Kh1 Nd5 25. f3 Nb4 26. Qb1 Rd7 27. R6e5 Rd5 28. R5e3 Qd4 29. Qg6 Qf6 30. Qb1 Qf5 31. Re4 Nd3 32. Bxd3 cxd3 33. Rd1 d2 34. Qc2 Rc8 35. Qb3 Rc1 36. Kh2 Rxd1 37. Qxd1 Kh7 38. Re2 Qd3 39. Rf2 Rd8 40. f4 Qe3 41. Rf3 Qe1 42. Rf1 Qxf1 0-1

[Event "24th Bosnjaci Open 2019"]
[Site "Bosnjaci"]
[Date "2019.01.04"]
[Round "3.6"]
[White "Ivekovic, Bozidar"]
[Black "Jelecevic, Ivo"]
[Result "1-0"]
[ECO "A11"]
[WhiteElo "2398"]
[BlackElo "2112"]
[Annotator "NA"]
[PlyCount "37"]
[EventDate "2019.01.03"]
[EventType "swiss"]
[EventCountry "CRO"]
[SourceTitle "playchess.com"]
[Source "ChessBase"]
[SourceQuality "1"]
[TimeControl "5400+30"]

1. Nf3 d5 2. c4 c6 3. g3 Nf6 4. Bg2 dxc4 5. Na3 b5 6. Ne5 Qd6 7. d4 Nfd7 8. Nxb5 Qb4+ 9. Nc3 Nxe5 10. dxe5 Qc5 11. O-O e6 12. Ne4 Qxe5 13. Bf4 Qa5 14. Nd6+ Bxd6 15. Qxd6 Qd8 16. Qa3 Qb6 17. Rfd1 Nd7 18. Qd6 e5 19. Be3 1-0

[Event "24th Bosnjaci Open 2019"]
[Site "Bosnjaci"]
[Date "2019.01.04"]
[Round "3.7"]
[White "Boban, Sten"]
[Black "Zufic, Miroslav"]
[Result "0-1"]
[ECO "B70"]
[WhiteElo "2105"]
[BlackElo "2389"]
[Annotator "NA"]
[PlyCount "44"]
[EventDate "2019.01.03"]
[EventType "swiss"]
[EventCountry "CRO"]
[SourceTitle "playchess.com"]
[Source "ChessBase"]
[SourceQuality "1"]
[TimeControl "5400+30"]

1. e4 c5 2. Nf3 d6 3. d4 cxd4 4. Nxd4 Nf6 5. Nc3 a6 6. Be2 g6 7. Be3 Bg7 8. h4 O-O 9. Qd2 Nc6 10. Nxc6 bxc6 11. Bh6 Rb8 12. Bxg7 Kxg7 13. O-O Qa5 14. Qe3 Rxb2 15. e5 Qxe5 16. Qxe5 dxe5 17. Bd3 Bf5 18. Bxf5 gxf5 19. Rfc1 Rd8 20. Rab1 Rdb8 21. Rxb2 Rxb2 22. Kf1 Nd5 0-1

[Event "24th Bosnjaci Open 2019"]
[Site "Bosnjaci"]
[Date "2019.01.04"]
[Round "3.8"]
[White "Muratovic, Efim"]
[Black "Tomas, Ante"]
[Result "0-1"]
[ECO "A11"]
[WhiteElo "2389"]
[BlackElo "2102"]
[Annotator "NA"]
[PlyCount "88"]
[EventDate "2019.01.03"]
[EventType "swiss"]
[EventCountry "CRO"]
[SourceTitle "playchess.com"]
[Source "ChessBase"]
[SourceQuality "1"]
[TimeControl "5400+30"]

1. Nf3 d5 2. g3 Nf6 3. Bg2 c6 4. O-O Bg4 5. d3 Nbd7 6. c4 e6 7. Nc3 Be7 8. Bf4 O-O 9. h3 Bh5 10. cxd5 exd5 11. a3 a5 12. Rb1 Nc5 13. Nd4 Ne6 14. Nxe6 fxe6 15. b4 axb4 16. axb4 Bd6 17. Bg5 h6 18. Bd2 b5 19. Qb3 Bf7 20. Qc2 Qb6 21. Kh2 e5 22. e3 Rfe8 23. Ne2 Bh5 24. Ng1 e4 25. Bc3 Be5 26. Bxe5 Rxe5 27. dxe4 Nxe4 28. Rbc1 Re6 29. Bxe4 dxe4 30. g4 Bf7 31. Ne2 Rf6 32. Nc3 Qb8+ 33. Kg1 Bc4 34. Nxe4 Rf3 35. Kg2 Qf8 36. Nd2 Ra2 37. Qc3 Bd5 38. Kg1 Rxh3 39. f3 Qb8 40. Rf2 Qg3+ 41. Rg2 Qh4 42. Kf1 Rh1+ 43. Rg1 Qh3+ 44. Kf2 Qxf3+ 0-1

[Event "24th Bosnjaci Open 2019"]
[Site "Bosnjaci"]
[Date "2019.01.04"]
[Round "3.9"]
[White "Ascic, Anto"]
[Black "Beletic, Daniel"]
[Result "0-1"]
[ECO "A49"]
[WhiteElo "2093"]
[BlackElo "2371"]
[Annotator "NA"]
[PlyCount "68"]
[EventDate "2019.01.03"]
[EventType "swiss"]
[EventCountry "CRO"]
[SourceTitle "playchess.com"]
[Source "ChessBase"]
[SourceQuality "1"]
[TimeControl "5400+30"]

1. d4 d6 2. Nf3 g6 3. b3 Bg7 4. Bb2 Nf6 5. g3 O-O 6. Bg2 c6 7. O-O Qa5 8. Qd2 Qh5 9. Qg5 Qxg5 10. Nxg5 a5 11. a4 Na6 12. Nd2 d5 13. Ngf3 Bf5 14. c3 Rfc8 15. Rfc1 Nd7 16. c4 Nb4 17. Bc3 Bh6 18. Ne1 e5 19. dxe5 d4 20. Bxb4 axb4 21. f4 Nxe5 22. Nef3 Nxf3+ 23. Nxf3 Bg7 24. Ra2 Re8 25. Nh4 Bg4 26. Kf1 Re3 27. Rb1 Rae8 28. Bf3 Bh3+ 29. Bg2 Bg4 30. Bf3 Bxf3 31. Nxf3 d3 32. Ne5 dxe2+ 33. Rxe2 Rxe2 34. Kxe2 f6 0-1

[Event "24th Bosnjaci Open 2019"]
[Site "Bosnjaci"]
[Date "2019.01.04"]
[Round "3.10"]
[White "Klasan, Vladimir"]
[Black "Egerc, Josip"]
[Result "1-0"]
[ECO "C11"]
[WhiteElo "2364"]
[BlackElo "2081"]
[Annotator "ChessBase"]
[PlyCount "109"]
[EventDate "2019.01.03"]
[EventType "swiss"]
[EventCountry "CRO"]
[SourceTitle "playchess.com"]
[Source "ChessBase"]
[SourceQuality "1"]
[TimeControl "5400+30"]

1. e4 e6 2. d4 d5 3. Nc3 Nf6 4. e5 Nfd7 5. f4 c5 6. Nf3 Nc6 7. Be3 Qb6 8. Na4 Qa5+ 9. c3 c4 10. b4 Nxb4 11. cxb4 Bxb4+ 12. Kf2 b5 13. Nc5 Nxc5 14. dxc5 Bd7 15. h4 Qc7 16. h5 Bxc5 17. h6 g6 18. Bxc5 Qxc5+ 19. Qd4 Qa3 20. Be2 O-O 21. Nh2 Qe7 22. Ng4 Bc6 23. Nf6+ Kh8 24. a3 Rfb8 25. Rhb1 a5 26. Kg3 Qa7 27. Qxa7 Rxa7 28. Kf2 Rd8 29. Bf3 Ra6 30. Rb2 Rb6 31. Rd2 b4 32. axb4 axb4 33. Rc1 c3 34. Rd4 Ra8 35. Bd1 Ra2+ 36. Ke3 Rxg2 37. Rb1 Rb2 38. Rxb2 cxb2 39. Bc2 Ba4 40. Bb1 Bb3 41. Ne4 Bc4 42. Nd6 Bf1 43. Rd2 Kg8 44. Rc2 Bc4 45. Nxc4 dxc4 46. Rxc4 Rb8 47. Rc2 Kf8 48. Rxb2 Ke7 49. Ra2 Rb7 50. Be4 Rc7 51. Rb2 Rc3+ 52. Bd3 Rc1 53. Rb1 Rxb1 54. Bxb1 f6 55. Bxg6 1-0

[Event "24th Bosnjaci Open 2019"]
[Site "Bosnjaci"]
[Date "2019.01.04"]
[Round "3.11"]
[White "Dabic, Stjepan"]
[Black "Zovko, Mario"]
[Result "1/2-1/2"]
[ECO "D34"]
[WhiteElo "2077"]
[BlackElo "2318"]
[Annotator "NA"]
[PlyCount "30"]
[EventDate "2019.01.03"]
[EventType "swiss"]
[EventCountry "CRO"]
[SourceTitle "playchess.com"]
[Source "ChessBase"]
[SourceQuality "1"]
[TimeControl "5400+30"]

1. d4 d5 2. c4 c5 3. Nc3 e6 4. cxd5 exd5 5. Nf3 Nc6 6. g3 Nf6 7. Bg2 Be7 8. O-O O-O 9. dxc5 Bxc5 10. a3 Ne4 11. Qc2 Nxc3 12. Qxc3 Bb6 13. b4 Bg4 14. Bb2 d4 15. Qd3 Qf6 1/2-1/2

[Event "24th Bosnjaci Open 2019"]
[Site "Bosnjaci"]
[Date "2019.01.04"]
[Round "3.12"]
[White "Muha, Miljenko"]
[Black "Mutapcic, Ilija"]
[Result "1-0"]
[ECO "D00"]
[WhiteElo "2310"]
[BlackElo "1836"]
[Annotator "NA"]
[PlyCount "76"]
[EventDate "2019.01.03"]
[EventType "swiss"]
[EventCountry "CRO"]
[SourceTitle "playchess.com"]
[Source "ChessBase"]
[SourceQuality "1"]
[TimeControl "5400+30"]

1. d4 d5 2. Bf4 Nf6 3. e3 e6 4. Nd2 Bd6 5. Bg3 O-O 6. Bd3 c5 7. c3 cxd4 8. exd4 b6 9. Qe2 a5 10. Ngf3 Ba6 11. O-O Bxd3 12. Qxd3 Nh5 13. Bxd6 Qxd6 14. Rfe1 Nc6 15. Nf1 Rae8 16. Ng3 Nf4 17. Qd2 Ng6 18. Rad1 h6 19. Re2 Nf4 20. Re3 g5 21. Rde1 f5 22. Ne5 Rf6 23. Rf3 Kh7 24. Rxf4 gxf4 25. Qxf4 Rg8 26. Nh5 Rff8 27. Re3 Nxe5 28. dxe5 Qc7 29. Qh4 Rg6 30. Nf4 Rg4 31. Nxe6 Rxh4 32. Nxc7 d4 33. cxd4 Rxd4 34. g3 Rc8 35. e6 f4 36. gxf4 Rxc7 37. e7 Rxe7 38. Rxe7+ Kg8 1-0

[Event "24th Bosnjaci Open 2019"]
[Site "Bosnjaci"]
[Date "2019.01.04"]
[Round "3.13"]
[White "Pejic, Ivo"]
[Black "Bobanac, Miro"]
[Result "0-1"]
[ECO "B43"]
[WhiteElo "1845"]
[BlackElo "2308"]
[Annotator "NA"]
[PlyCount "67"]
[EventDate "2019.01.03"]
[EventType "swiss"]
[EventCountry "CRO"]
[SourceTitle "playchess.com"]
[Source "ChessBase"]
[SourceQuality "1"]
[TimeControl "5400+30"]

1. e4 c5 2. Nf3 e6 3. d4 cxd4 4. Nxd4 a6 5. a4 Qc7 6. Nc3 Nf6 7. Bd3 Nc6 8. Nxc6 bxc6 9. O-O d5 10. Bg5 d4 11. Nb1 c5 12. Nd2 Bb7 13. Re1 Bd6 14. h3 Bh2+ 15. Kf1 Bf4 16. Bxf6 gxf6 17. Nc4 h5 18. Qf3 h4 19. Na5 Qxa5 20. Qxf4 Qd8 21. Rad1 e5 22. Qf3 Ke7 23. Bc4 Qb6 24. b3 Rag8 25. Ra1 a5 26. Rad1 Rg5 27. c3 Rhg8 28. cxd4 cxd4 29. Rd3 Rxg2 30. Qxg2 Rxg2 31. Kxg2 f5 32. Bd5 fxe4 33. Rxd4 exd4 34. Rxe4+ 0-1

[Event "24th Bosnjaci Open 2019"]
[Site "Bosnjaci"]
[Date "2019.01.04"]
[Round "3.14"]
[White "Cvitan, Ena"]
[Black "Kolanovic, Kazimir"]
[Result "1-0"]
[ECO "A56"]
[WhiteElo "2201"]
[BlackElo "1851"]
[Annotator "NA"]
[PlyCount "69"]
[EventDate "2019.01.03"]
[EventType "swiss"]
[EventCountry "CRO"]
[SourceTitle "playchess.com"]
[Source "ChessBase"]
[SourceQuality "1"]
[TimeControl "5400+30"]

1. d4 Nf6 2. c4 c5 3. d5 e5 4. Nc3 d6 5. e4 Be7 6. g3 O-O 7. Bg2 a6 8. Nge2 Nbd7 9. O-O Ne8 10. Qc2 g6 11. Bd2 Ng7 12. Rae1 f5 13. f4 Bf6 14. Kh1 Kh8 15. b3 Rb8 16. a4 b6 17. Nc1 Rb7 18. Nd3 Qe8 19. Bh3 Qe7 20. exf5 Nxf5 21. Bxf5 gxf5 22. fxe5 Nxe5 23. Nf4 Qe8 24. Qd1 Kg8 25. Nh5 Bh8 26. Bh6 Rff7 27. Qd2 Qd8 28. Ne2 Ng4 29. Bg5 Qf8 30. Nef4 Nf6 31. Ne6 Bxe6 32. dxe6 Nxh5 33. exf7+ Rxf7 34. Qd5 Kg7 35. Re6 1-0

[Event "24th Bosnjaci Open 2019"]
[Site "Bosnjaci"]
[Date "2019.01.04"]
[Round "3.15"]
[White "Caric, Mato"]
[Black "Babic, Zvonko"]
[Result "0-1"]
[ECO "B76"]
[WhiteElo "2088"]
[BlackElo "2190"]
[Annotator "NA"]
[PlyCount "60"]
[EventDate "2019.01.03"]
[EventType "swiss"]
[EventCountry "CRO"]
[SourceTitle "playchess.com"]
[Source "ChessBase"]
[SourceQuality "1"]
[TimeControl "5400+30"]

1. e4 c5 2. Nf3 d6 3. d4 cxd4 4. Nxd4 Nf6 5. Nc3 g6 6. f3 Bg7 7. Be3 Nc6 8. Qd2 O-O 9. O-O-O d5 10. Nxc6 bxc6 11. e5 Nd7 12. f4 e6 13. Na4 f6 14. Nc5 Qe7 15. Nxd7 Bxd7 16. Qc3 fxe5 17. Bc5 Qf7 18. Bxf8 Qxf4+ 19. Qd2 Qxf8 20. Kb1 e4 21. Bc4 Qf6 22. c3 Rb8 23. Kc1 Be8 24. Bb3 c5 25. g3 c4 26. Bc2 Qe7 27. Kb1 Qa3 28. b3 Rb6 29. Qc1 Qa5 30. b4 Bxc3 0-1

[Event "24th Bosnjaci Open 2019"]
[Site "Bosnjaci"]
[Date "2019.01.04"]
[Round "3.16"]
[White "Lazor, Vladimir"]
[Black "Klasan, Elvis"]
[Result "1/2-1/2"]
[ECO "C50"]
[WhiteElo "2164"]
[BlackElo "1861"]
[Annotator "NA"]
[PlyCount "66"]
[EventDate "2019.01.03"]
[EventType "swiss"]
[EventCountry "CRO"]
[SourceTitle "playchess.com"]
[Source "ChessBase"]
[SourceQuality "1"]
[TimeControl "5400+30"]

1. e4 e5 2. Nf3 Nc6 3. Bc4 Bc5 4. O-O d6 5. c3 Bb6 6. h3 Nf6 7. Re1 O-O 8. d4 h6 9. a4 a6 10. Na3 Re8 11. dxe5 Nxe5 12. Nxe5 Rxe5 13. Bd3 Ba7 14. Bf4 Re8 15. Qf3 Be6 16. Nc2 Nd7 17. Nd4 Ne5 18. Qg3 Qf6 19. Bc2 Ng6 20. Be3 Bd7 21. Rad1 Nf8 22. f4 Ng6 23. Rd2 Re7 24. Rde2 Rae8 25. Kh2 Rxe4 26. Bxe4 Rxe4 27. Bd2 Rxe2 28. Rxe2 Bxd4 29. cxd4 Bxa4 30. Qe3 Bb5 31. Rf2 Bc6 32. Bc3 Qf5 33. Qd2 Be4 1/2-1/2

[Event "24th Bosnjaci Open 2019"]
[Site "Bosnjaci"]
[Date "2019.01.04"]
[Round "3.17"]
[White "Ivekovic, Tihana"]
[Black "Luketic, Ivan"]
[Result "1-0"]
[ECO "D45"]
[WhiteElo "2071"]
[BlackElo "1801"]
[Annotator "NA"]
[PlyCount "60"]
[EventDate "2019.01.03"]
[EventType "swiss"]
[EventCountry "CRO"]
[SourceTitle "playchess.com"]
[Source "ChessBase"]
[SourceQuality "1"]
[TimeControl "5400+30"]

1. d4 Nf6 2. c4 c6 3. Nf3 d5 4. Nc3 e6 5. e3 Be7 6. Bd3 a6 7. a4 a5 8. O-O Na6 9. e4 dxe4 10. Nxe4 O-O 11. Qe2 Nxe4 12. Qxe4 f5 13. Qe2 Bf6 14. Rd1 Qe8 15. Bf4 Nb4 16. Bb1 b6 17. Ra3 h6 18. Bc7 Bd8 19. Bd6 Be7 20. Bxe7 Qxe7 21. Ne5 Qf6 22. Rg3 Kh7 23. Qh5 Ra7 24. Rg6 Qe7 25. g4 Rf6 26. g5 Rxg6 27. Qxg6+ Kh8 28. gxh6 gxh6 29. Qxh6+ Kg8 30. Kh1 Qh7 1-0

[Event "24th Bosnjaci Open 2019"]
[Site "Bosnjaci"]
[Date "2019.01.04"]
[Round "3.18"]
[White "Pleh, Semir"]
[Black "Blagojevic, Marijan"]
[Result "0-1"]
[ECO "E94"]
[WhiteElo "1767"]
[BlackElo "2203"]
[Annotator "NA"]
[PlyCount "74"]
[EventDate "2019.01.03"]
[EventType "swiss"]
[EventCountry "CRO"]
[SourceTitle "playchess.com"]
[Source "ChessBase"]
[SourceQuality "1"]
[TimeControl "5400+30"]

1. c4 Nf6 2. Nf3 g6 3. d4 Bg7 4. Nc3 d6 5. e4 O-O 6. Be2 Nbd7 7. O-O e5 8. d5 Nc5 9. Qc2 a5 10. Bg5 h6 11. Be3 Nfd7 12. a3 a4 13. Ne1 f5 14. f3 Nb3 15. Rd1 Ndc5 16. Nd3 Bd7 17. Nxc5 dxc5 18. exf5 gxf5 19. Bd3 Qf6 20. Nb5 Rac8 21. Na7 Rce8 22. Nb5 Qb6 23. d6 cxd6 24. Nc3 Kh8 25. Qf2 f4 26. Bc1 Nxc1 27. Rxc1 e4 28. Nd5 Qd8 29. Qc2 exd3 30. Qxd3 Bc6 31. b3 Bxd5 32. Qxd5 axb3 33. Qxb7 b2 34. Rcd1 Bd4+ 35. Kh1 Qf6 36. a4 Rb8 37. Qe4 Qf5 0-1

[Event "24th Bosnjaci Open 2019"]
[Site "Bosnjaci"]
[Date "2019.01.04"]
[Round "3.19"]
[White "Lombarovic, Marko"]
[Black "Lesic, Krunoslav"]
[Result "0-1"]
[ECO "C01"]
[WhiteElo "1764"]
[BlackElo "2067"]
[Annotator "NA"]
[PlyCount "90"]
[EventDate "2019.01.03"]
[EventType "swiss"]
[EventCountry "CRO"]
[SourceTitle "playchess.com"]
[Source "ChessBase"]
[SourceQuality "1"]
[TimeControl "5400+30"]

1. e4 e6 2. Nf3 d5 3. exd5 exd5 4. d4 Bf5 5. Bd3 Bxd3 6. Qxd3 c6 7. O-O Bd6 8. Re1+ Ne7 9. Bg5 O-O 10. Nbd2 Re8 11. Re2 h6 12. Bh4 Na6 13. c3 Nc7 14. Rae1 Ne6 15. Bg3 Bf4 16. Ne5 Bxe5 17. Rxe5 Qd7 18. Nf3 Ng6 19. R5e3 Nef4 20. Qd2 Nh5 21. Ne5 Nxe5 22. Bxe5 f6 23. Bg3 Nxg3 24. hxg3 Kf8 25. Qd3 Kf7 26. f3 Rxe3 27. Rxe3 Re8 28. Kf2 Rxe3 29. Qxe3 Qf5 30. Qe2 h5 31. a3 g5 32. c4 h4 33. gxh4 gxh4 34. cxd5 cxd5 35. Qd2 Qb1 36. Qc3 Kg6 37. Qd2 a5 38. Ke3 Kf5 39. Kf2 b5 40. Ke3 Qg1+ 41. Qf2 Qxf2+ 42. Kxf2 Kf4 43. b3 b4 44. axb4 axb4 45. Kg1 Ke3 0-1

[Event "24th Bosnjaci Open 2019"]
[Site "Bosnjaci"]
[Date "2019.01.04"]
[Round "3.20"]
[White "Samblic, Silvano"]
[Black "Damjanovic, Stjepan"]
[Result "1/2-1/2"]
[ECO "B23"]
[WhiteElo "2047"]
[BlackElo "1741"]
[Annotator "NA"]
[PlyCount "67"]
[EventDate "2019.01.03"]
[EventType "swiss"]
[EventCountry "CRO"]
[SourceTitle "playchess.com"]
[Source "ChessBase"]
[SourceQuality "1"]
[TimeControl "5400+30"]

1. e4 c5 2. Nc3 Nc6 3. d3 g6 4. Be3 b6 5. Qd2 Bg7 6. Be2 Nf6 7. h4 h5 8. f4 d6 9. Bf3 Qd7 10. O-O-O Bb7 11. Nge2 O-O-O 12. d4 e6 13. dxc5 dxc5 14. Qxd7+ Rxd7 15. Rxd7 Nxd7 16. Nb5 Bf8 17. Rd1 a6 18. Nd6+ Bxd6 19. Rxd6 Kc7 20. e5 Rd8 21. Nc3 Ne7 22. Bxb7 Kxb7 23. Bf2 Nf5 24. Rd2 Kc7 25. Ne4 Nb8 26. Ng5 Rxd2 27. Kxd2 Nh6 28. Kd3 Kd7 29. b4 Kc6 30. bxc5 bxc5 31. g3 Kd5 32. c4+ Kc6 33. Ne4 Nd7 34. Ng5 1/2-1/2

[Event "24th Bosnjaci Open 2019"]
[Site "Bosnjaci"]
[Date "2019.01.04"]
[Round "3.21"]
[White "Kovac, Petar"]
[Black "Katic, Zeljko"]
[Result "0-1"]
[ECO "E80"]
[WhiteElo "1747"]
[BlackElo "2035"]
[Annotator "NA"]
[PlyCount "70"]
[EventDate "2019.01.03"]
[EventType "swiss"]
[EventCountry "CRO"]
[SourceTitle "playchess.com"]
[Source "ChessBase"]
[SourceQuality "1"]
[TimeControl "5400+30"]

1. d4 Nf6 2. c4 d6 3. Nc3 g6 4. e4 Bg7 5. f3 c6 6. Be3 h6 7. Qd2 Nbd7 8. Nh3 a6 9. c5 Qa5 10. Rd1 dxc5 11. dxc5 Ne5 12. b4 Qc7 13. Nf2 Be6 14. Qc2 g5 15. Be2 O-O 16. O-O Rad8 17. Na4 Nh5 18. g3 f5 19. exf5 Bxf5 20. Qb3+ Kh8 21. g4 Rxd1 22. Nxd1 Bg6 23. gxh5 Bxh5 24. Bc1 Qd7 25. Kg2 Bf7 26. Qc2 Bd5 27. Ne3 g4 28. Nxd5 Qxd5 29. Nc3 gxf3+ 30. Rxf3 Nxf3 31. Nxd5 Ne1+ 32. Kg1 Nxc2 33. Nxe7 Bd4+ 34. Kh1 Rf2 35. Bd3 Nxb4 0-1

[Event "24th Bosnjaci Open 2019"]
[Site "Bosnjaci"]
[Date "2019.01.04"]
[Round "3.22"]
[White "Jergovic, Andrija"]
[Black "Mikic, Ivana"]
[Result "1-0"]
[ECO "C50"]
[WhiteElo "2012"]
[BlackElo "1739"]
[Annotator "NA"]
[PlyCount "81"]
[EventDate "2019.01.03"]
[EventType "swiss"]
[EventCountry "CRO"]
[SourceTitle "playchess.com"]
[Source "ChessBase"]
[SourceQuality "1"]
[TimeControl "5400+30"]

1. e4 e5 2. Nf3 Nc6 3. Bc4 Bc5 4. O-O Nf6 5. d3 d6 6. h3 a6 7. a4 Ne7 8. c3 Ba7 9. Qb3 O-O 10. Ng5 Qe8 11. Na3 h6 12. Nf3 Ng6 13. Be3 Nh5 14. Rfe1 Qe7 15. Nc2 Qf6 16. Nh2 Nhf4 17. Rad1 Nh4 18. Bxa7 Rxa7 19. Ne3 Nfxg2 20. Nxg2 Bxh3 21. Nxh4 Qxh4 22. Re3 Qh5 23. Rg3 Kh8 24. Rd2 f5 25. exf5 Rxf5 26. Be6 Rg5 27. Bxh3 Rxg3+ 28. fxg3 Qxh3 29. Rg2 Qf5 30. Qd5 Qg6 31. Nf3 c6 32. Qe4 Qe8 33. Nh4 g5 34. Nf3 b5 35. d4 Re7 36. dxe5 dxe5 37. Rh2 Kg7 38. Re2 Qd7 39. Nd4 Qa7 40. Kg2 Re8 41. Nf5+ 1-0

[Event "24th Bosnjaci Open 2019"]
[Site "Bosnjaci"]
[Date "2019.01.04"]
[Round "3.23"]
[White "Dejanovic, Dragan"]
[Black "Duda, Daniel"]
[Result "0-1"]
[ECO "D37"]
[WhiteElo "1716"]
[BlackElo "1991"]
[Annotator "NA"]
[PlyCount "74"]
[EventDate "2019.01.03"]
[EventType "swiss"]
[EventCountry "CRO"]
[SourceTitle "playchess.com"]
[Source "ChessBase"]
[SourceQuality "1"]
[TimeControl "5400+30"]

1. d4 d5 2. c4 e6 3. Nc3 Nf6 4. Bf4 c6 5. e3 Nbd7 6. Nf3 Bb4 7. Bd3 dxc4 8. Bxc4 Nd5 9. Bxd5 exd5 10. O-O Nf6 11. Qc2 Bxc3 12. bxc3 O-O 13. Nd2 Nh5 14. Be5 f6 15. Bg3 Nxg3 16. hxg3 f5 17. Nf3 Rf6 18. Ne5 Rh6 19. f3 a5 20. Kf2 Qc7 21. Rh1 Rxh1 22. Rxh1 g6 23. f4 b5 24. Nf3 Ra7 25. Ng5 Qd6 26. Qc1 c5 27. Rh6 Re7 28. Qh1 Qc7 29. Qd1 b4 30. cxb4 cxb4 31. Qb3 Qc4 32. Rh1 Ba6 33. Re1 Bb5 34. Qb1 Rc7 35. Ne6 Qc2+ 36. Kg1 Qxb1 37. Rxb1 Re7 0-1

[Event "24th Bosnjaci Open 2019"]
[Site "Bosnjaci"]
[Date "2019.01.04"]
[Round "3.24"]
[White "Jelic, Slavko"]
[Black "Petricevic, Ivan"]
[Result "1/2-1/2"]
[ECO "A46"]
[WhiteElo "1675"]
[BlackElo "1983"]
[Annotator "NA"]
[PlyCount "48"]
[EventDate "2019.01.03"]
[EventType "swiss"]
[EventCountry "CRO"]
[SourceTitle "playchess.com"]
[Source "ChessBase"]
[SourceQuality "1"]
[TimeControl "5400+30"]

1. d4 Nf6 2. c3 e6 3. Nf3 c5 4. e3 d5 5. Bb5+ Bd7 6. Bxd7+ Nbxd7 7. O-O Bd6 8. Re1 Ne4 9. Nbd2 f5 10. dxc5 Ndxc5 11. Nb3 O-O 12. Nxc5 Nxc5 13. Nd4 Rf6 14. g3 Rh6 15. e4 f4 16. e5 Be7 17. Bxf4 g5 18. Bc1 Qf8 19. b4 Ne4 20. Rxe4 dxe4 21. Qg4 Qf7 22. Qxe4 Rf8 23. Be3 Qh5 24. Qg2 Bd8 1/2-1/2